 Dungeon Crawl Stone Soup version 0.29-a0-1008-g949cc1d0fb (webtiles) character file.

Game seed: 3087861185929507646

24955 drpainis the Unseen (level 12, -10/56 HPs)
             Began as a Spriggan Enchanter on Aug 8, 2022.
             Was a Believer of Dithmenos.
             Mangled by a dream sheep (27 damage)
             ... on level 4 of the Lair of Beasts.
             The game lasted 00:43:33 (29200 turns).

drpainis the Unseen (Spriggan Enchanter)           Turns: 29200, Time: 00:43:34

Health: -10/56     AC:  5    Str:  7    XL:     12   Next: 85%
Magic:  27/29      EV:  4    Int: 20    God:    Dithmenos [**....]
Gold:   817        SH:  0    Dex: 24    Spells: 21/35 levels left

rFire   . . .      SeeInvis +   y - +0 dagger (drain)
rCold   . . .      Faith    .   (no shield)
rNeg    . . .      Spirit   .   b - +0 robe
rPois   .          Reflect  .   (helmet restricted)
rElec   .          Harm     .   q - +0 cloak
rCorr   .          Rampage  .   (gloves unavailable)
Will    ++...                   (boots unavailable)
Stlth   ++++++++++              I - amulet of the acrobat
HPRegen 0.18/turn               t - +6 ring of dexterity
MPRegen 0.21/turn               N - +4 ring of evasion

@: sleeping, wreathed by umbra, very quick
A: very small, no large weapons, unfitting armour, see invisible, speed 3,
antennae 1, iridescent scales 1, clever 1, screaming 1, strong 1
a: Renounce Religion, Shadow Step


You were on level 4 of the Lair of Beasts.
You worshipped Dithmenos.
Dithmenos was pleased with you.
You visited 3 branches of the dungeon, and saw 14 of its levels.

You collected 817 gold pieces.

Inventory:

Hand Weapons
 a - a +1 dagger
 y - a +0 dagger of draining (weapon)
 E - the +6 trident "Suipeh" {holy, +Blink rN+}
   (You found it on level 5 of the Dungeon)

   It has been blessed by the Shining One to cause great damage to the undead
   and demons.
   rN:        It protects you from negative energy.
   +Blink:    It lets you blink.
 U - the +7 spear of Vuskaod {vorpal, Will++ Int-2}
   (You found it on level 2 of the Lair of Beasts)

   It inflicts extra damage upon your enemies.
   Int:       It affects your intelligence (-2).
   Will:      It greatly increases your willpower.
Missiles
 F - 9 poisoned darts (quivered)
 V - a throwing net
Armour
 b - a +0 robe (worn)
 m - a scarf of harm
 q - a +0 cloak (worn)
Jewellery
 k - a +4 ring of evasion
 t - a +6 ring of dexterity (left hand)
 I - an amulet of the acrobat (around neck)
 N - a +4 ring of evasion (right hand)
 Q - a ring of fire
 T - a ring of willpower
 W - a ring of wizardry
 X - an amulet of the acrobat
Wands
 j - a wand of flame (12)
 z - a wand of iceblast (10)
 L - a wand of paralysis (9)
 R - a wand of acid (4)
Scrolls
 d - 7 scrolls of teleportation
 f - a scroll of magic mapping
 h - a scroll of summoning
 n - 2 scrolls of silence
 p - 2 scrolls of noise {unknown}
 u - 4 scrolls of immolation
 v - 2 scrolls of amnesia
 x - a scroll of acquirement {unknown}
 A - 2 scrolls of blinking
 B - 3 scrolls of butterflies
 D - a scroll of poison
 G - a scroll of vulnerability
 K - a scroll of enchant weapon {unknown}
 O - a scroll of torment {unknown}
 P - 3 scrolls of brand weapon
Potions
 c - a potion of magic {unknown}
 e - 5 potions of degeneration
 g - 3 potions of heal wounds
 i - a potion of haste {unknown}
 l - 3 potions of curing
 o - 4 potions of might
 r - a potion of ambrosia {unknown}
 s - a potion of flight {unknown}
 C - 2 potions of berserk rage {unknown}
 H - 3 potions of cancellation
 J - 2 potions of brilliance {unknown}
 M - 2 potions of attraction {unknown}
 S - 2 potions of resistance {unknown}
Miscellaneous
 w - a piece from Xom's chessboard (15/15)


   Skills:
 + Level 2.8 Fighting
 + Level 6.9 Short Blades
 + Level 0.1 Throwing
 + Level 6.8 Dodging
 + Level 18.7 Stealth
 + Level 12.4 Spellcasting
 + Level 0.3 Conjurations
 + Level 11.7 Hexes
 + Level 6.3 Ice Magic
 + Level 1.7 Air Magic
 + Level 2.2 Poison Magic


You had 21 spell levels left.
You knew the following spells:

 Your Spells              Type           Power      Damage    Failure   Level
a - Ensorcelled Hibernat  Hex/Ice        96%        N/A       1%          2
b - Confusing Touch       Hex            56%        N/A       1%          3
c - Tukima's Dance        Hex            56%        N/A       1%          3
d - Dazzling Flash        Conj/Hex       72%        N/A       1%          3
e - Shock                 Conj/Air       64%        1d7       3%          1
f - Poisonous Vapours     Pois/Air       40%        N/A       3%          2

Your spell library contained the following spells:

 Spells                   Type           Power      Damage    Failure   Level
 Ozocubu's Armour         Ice            37%        N/A       1%          3
 Sting                    Tmut/Pois      64%        1d6       3%          1
 Metabolic Englaciation   Hex/Ice        24%        N/A       3%          5
 Swiftness                Air            19%        N/A       8%          3
 Yara's Violent Unravell  Hex/Tmut       17%        3d8       14%         5
 Olgreb's Toxic Radiance  Pois           21%        N/A       22%         4
 Airstrike                Air            9%         2d(2-18)  26%         4
 Corpse Rot               Necr/Pois/Air  17%        N/A       30%         4
 Simulacrum               Ice/Necr       12%        N/A       92%         6


Dungeon Overview and Level Annotations

Branches:
Dungeon (9/15)             Temple (1/1) D:6            Lair (4/5) D:9
 Shoals (0/4) Lair:3       Spider (0/4) Lair:2
  Slime: Lair:4-5       Orc: D:9-12

Altars:
Ashenzari
Dithmenos
Elyvilon
Fedhas
Gozag
Hepliaklqana
Kikubaaqudgha
Makhleb
Nemelex Xobeh
Okawaru
Qazlal
Ru
Sif Muna
Trog
Uskayaw
Vehumet
Wu Jian
Xom
Yredelemnul
Zin
The Shining One

Annotations:
D:7 1 transporter, Menkaure


Innate Abilities, Weirdness & Mutations

You are very small and have problems with some larger weapons.
You are too small for most types of armour.
You have supernaturally acute eyesight. (SInv)
You cover ground extremely quickly. (Speed+++)
You have a pair of small antennae on your head.
You are partially covered in iridescent scales. (AC +2)
Your mind is acute. (Int +4, Str/Dex -1)
You occasionally shout uncontrollably at your foes.
Your muscles are strong. (Str +4, Int/Dex -1)


Message History

The dream sheep completely misses you.
The dream sheep shake their wool and sparkle.
You feel drowsy...
You fall asleep.
The dream sheep bites you!
You wake up.
The dream sheep misses you.
Casting: Ensorcelled Hibernation (safe; 1% risk of failure)
Confirm with . or Enter, or press ? or * to list all spells.
Aiming: Poisonous Vapours (safe; 3% risk of failure)
Press: ? - help, Dir - move target, f - dream sheep
Aim: a dream sheep (umbra) Poisonous vapours surround the dream sheep!
The dream sheep is poisoned.
The dream sheep are wreathed in dream dust.
You feel drowsy...
You fall asleep.
The dream sheep bites you but does no damage.
The dream sheep bites you!
You wake up.
Casting: Poisonous Vapours (safe; 3% risk of failure)
Confirm with . or Enter, or press ? or * to list all spells.
Casting: Dazzling Flash (safe; 1% risk of failure)
Press: ? - help, Dir - look around, f - activate The dream sheep is dazzled.
Casting: Dazzling Flash (safe; 1% risk of failure)
Confirm with . or Enter, or press ? or * to list all spells.
Aiming: Ensorcelled Hibernation (safe; 1% risk of failure)
Press: ? - help, Shift-Dir - straight line, f - dream sheep
Aim: a dream sheep (blind, umbra, chance to affect: 62%)
The dream sheep resists with significant effort.
The dream sheep barely misses you.
You strike the helpless dream sheep from behind!
You skewer the dream sheep like a kebab!!!
You kill the dream sheep!
Dithmenos accepts your kill.
The dream sheep are wreathed in dream dust.
You feel drowsy...
You fall asleep.
The dream sheep barely misses you. The dream sheep bites you!!
You wake up.
* * * LOW HITPOINT WARNING * * *
The dream sheep shake their wool and sparkle.
You feel drowsy...
You fall asleep.
The dream sheep bites you!!
You die...

......####P.##....#### *,**,**
.....................# **,,,,**
................YY..## ****,^***
....#.#...#.##.....## *,,,,*
#...#.#.#.#..##...#.## *,***,
................Y....# **,,,*
....................## **+##*
#.##.#..........Y...># *8,8#
#.####..........@...###### ###P##
....................#.#..###..##.
.................................
...##).##........#.##....####.#..
#...###...##..#....[#...#.P#...##
.................................
.................................
.......###########.#...P#..#.....
.....##..#.##..#####...####....P.


You could see 4 dream sheep.

Vanquished Creatures
  A centaur warrior (D:9)
  A two-headed ogre (D:8)
  Amaemon (D:9)
  A deep elf pyromancer (D:9)
  18 elephants
  An orange demon (D:9)
  A black mamba (Lair:4)
  Maggie (D:7)
  3 cane toads (Lair:1)
  9 komodo dragons
  2 rime drakes (Lair:1)
  A polar bear (Lair:4)
  3 merfolk (Lair:3)
  A hornet (D:8)
  9 blink frogs
  2 dream sheep (Lair:4)
  23 yaks
  A basilisk (Lair:1)
  A wyvern (D:8)
  2 redbacks (Lair:2)
  Grum (D:9)
  A steam dragon (D:8)
  An acid dragon (D:9)
  7 water moccasins
  3 ice beasts
  An orc warrior (D:8)
  2 sky beasts (D:6)
  A black bear (D:9)
  8 wolves
  2 centaurs
  An ogre (D:4)
  Blork the orc (D:5)
  6 bullfrogs
  2 necrophages
  3 scorpions
  5 wights (D:8)
  3 killer bees (D:9)
  A crimson imp (D:7)
  Crazy Yiuf (D:2)
  2 jellies
  4 hounds
  A gnoll bouda (D:9)
  2 orc priests
  Ijyb (D:5)
  Terence (D:2)
  7 iguanas
  5 orc wizards
  Robin (D:2)
  11 gnolls
  5 adders
  A shadow imp (D:8)
  3 white imps
  3 worms
  9 dart slugs
  21 orcs
  3 ball pythons
  6 endoplasms
  6 giant cockroaches
  12 hobgoblins
  6 jackals
  2 quokkas (D:3)
  6 bats
  4 frilled lizards
  17 goblins
  2 goblin skeletons (D:5)
  A goblin zombie (D:5)
  5 kobolds
  A kobold skeleton (D:5)
  2 kobold zombies (D:5)
  2 orc skeletons (D:5)
  An orc zombie (D:5)
  6 rats
291 creatures vanquished.

Vanquished Creatures (collateral kills)
  A merfolk siren (Lair:3)
  A gnoll (D:9)
2 creatures vanquished.

Vanquished Creatures (others)
  3 dancing weapons
  A human (D:7)
  66 fungi
  67 plants
137 creatures vanquished.

Grand Total: 430 creatures vanquished

Notes
Turn   | Place    | Note
-------+----------+-------------------------------------------
     0 | D:1      | drpainis the Spriggan Enchanter began the quest for the
                  | Orb.
     0 | D:1      | Reached XP level 1. HP: 9/9 MP: 5/5
   206 | D:1      | Reached XP level 2. HP: 10/13 MP: 6/6
   590 | D:1      | Reached skill level 5 in Stealth
  1134 | D:1      | Reached XP level 3. HP: 5/16 MP: 8/8
  2232 | D:1      | Learned a level 2 spell: Ensorcelled Hibernation
  2236 | D:1      | Learned a level 3 spell: Confusing Touch
  2795 | D:2      | Noticed Terence
  2802 | D:2      | Killed Terence
  2803 | D:2      | Reached skill level 6 in Stealth
  2803 | D:2      | Reached XP level 4. HP: 21/21 MP: 9/9
  3416 | D:2      | Found a runed translucent door.
  3417 | D:2      | Noticed Crazy Yiuf
  3503 | D:2      | Killed Crazy Yiuf
  3732 | D:2      | Noticed Robin
  3907 | D:2      | Reached XP level 5. HP: 23/25 MP: 7/10
  4725 | D:2      | Killed Robin
  5147 | D:3      | Found a faded altar of an unknown god.
  5203 | D:3      | Reached skill level 7 in Stealth
  5786 | D:3      | Reached skill level 1 in Ice Magic
  5946 | D:3      | Found an iron altar of Okawaru.
  6246 | D:3      | Reached XP level 6. HP: 29/29 MP: 12/12
  6673 | D:4      | Found a glowing silver altar of Zin.
  6692 | D:4      | Reached skill level 1 in Fighting
  6692 | D:4      | Reached skill level 8 in Stealth
  6976 | D:4      | Found an ornate altar of the Wu Jian Council.
  6976 | D:4      | Found a sacrificial altar of Ru.
  7709 | D:4      | Got Sif Muna's Reference Book on Ghastly Interference
  8017 | D:5      | Entered Level 5 of the Dungeon
  8017 | D:5      | Noticed an ice beast
  8019 | D:5      | Reached XP level 7. HP: 33/33 MP: 14/14
  8022 | D:5      | Reached skill level 5 in Hexes
  8130 | D:5      | Noticed Ijyb
  8134 | D:5      | Killed Ijyb
  8142 | D:5      | Reached skill level 9 in Stealth
  8169 | D:5      | Learned a level 3 spell: Tukima's Dance
  8173 | D:5      | Learned a level 3 spell: Dazzling Flash
  8175 | D:5      | Learned a level 1 spell: Shock
  8694 | D:5      | Reached skill level 5 in Spellcasting
  9807 | D:5      | Found a glowing golden altar of the Shining One.
 10137 | D:5      | Found a blossoming altar of Fedhas.
 10144 | D:5      | Noticed Blork the orc
 10147 | D:5      | Killed Blork the orc
 10148 | D:5      | Reached XP level 8. HP: 37/37 MP: 16/16
 10281 | D:5      | Identified the +6 trident "Suipeh" {holy, +Blink rN+}
 10568 | D:6      | Found a staircase to the Ecumenical Temple.
 10572 | D:6      | Reached skill level 10 in Stealth
 10827 | Temple   | Entered the Ecumenical Temple
 10957 | Temple   | Became a worshipper of Dithmenos the Shadowed
 11435 | D:6      | Reached skill level 11 in Stealth
 12357 | D:7      | Found a basalt altar of Yredelemnul.
 12504 | D:7      | Found a shimmering altar of Xom.
 12511 | D:7      | Found an opulent altar of Gozag.
 12573 | D:7      | Noticed a komodo dragon
 12574 | D:7      | Noticed a cyan ugly thing
 12589 | D:7      | Found a transporter.
 12600 | D:7      | Noticed Maggie
 12607 | D:7      | Killed Maggie
 12608 | D:7      | Reached XP level 9. HP: 30/42 MP: 16/19
 12963 | D:7      | Noticed a cyclops
 13172 | D:7      | Found an ancient bone altar of Kikubaaqudgha.
 13558 | D:7      | Noticed Menkaure
 13635 | D:7      | Learned a level 2 spell: Poisonous Vapours
 13643 | D:8      | Reached skill level 12 in Stealth
 14326 | D:8      | Found a bloodstained altar of Trog.
 14402 | D:8      | Noticed a two-headed ogre
 14842 | D:8      | Killed a two-headed ogre
 14926 | D:8      | Found a stormy altar of Qazlal.
 15084 | D:8      | Reached skill level 5 in Dodging
 15084 | D:8      | Reached skill level 13 in Stealth
 15198 | D:8      | Found a sparkling altar of Nemelex Xobeh.
 15245 | D:8      | Reached * piety under Dithmenos
 15248 | D:8      | Reached XP level 10. HP: 41/46 MP: 10/23
 15721 | D:9      | Noticed Amaemon
 15727 | D:9      | Noticed an orange demon
 15728 | D:9      | Killed Amaemon
 15731 | D:9      | Killed an orange demon
 15732 | D:9      | Reached skill level 5 in Short Blades
 15769 | D:9      | Reached skill level 14 in Stealth
 15775 | D:9      | Noticed Grum
 16343 | D:9      | Noticed a centaur warrior
 16640 | D:9      | Killed Grum
 16667 | D:9      | Killed a centaur warrior
 17006 | D:9      | Reached skill level 15 in Stealth
 17156 | D:9      | Found a staircase to the Lair.
 17840 | D:9      | Noticed a deep elf pyromancer
 17847 | D:9      | Killed a deep elf pyromancer
 17848 | D:9      | Reached XP level 11. HP: 50/50 MP: 25/25
 18559 | Lair:1   | Entered Level 1 of the Lair of Beasts
 19137 | Lair:1   | Reached skill level 10 in Hexes
 19243 | D:9      | Reached skill level 1 in Air Magic
 19487 | Lair:1   | Reached skill level 1 in Poison Magic
 19751 | Lair:1   | Reached skill level 10 in Spellcasting
 19893 | Lair:1   | Reached skill level 16 in Stealth
 21451 | Lair:1   | Gained mutation: You are somewhat resistant to further
                  | mutation. [potion of mutation]
 21655 | Lair:1   | Lost mutation: You are somewhat resistant to further
                  | mutation. [potion of mutation]
 21655 | Lair:1   | Gained mutation: You are robust. (+10% HP) [potion of
                  | mutation]
 21655 | Lair:1   | Gained mutation: You possess an exceptional clarity of
                  | mind. [potion of mutation]
 21659 | Lair:1   | Lost mutation: You are robust. (+10% HP) [potion of
                  | mutation]
 21659 | Lair:1   | Lost mutation: You possess an exceptional clarity of mind.
                  | [potion of mutation]
 21659 | Lair:1   | Gained mutation: You possess an exceptional clarity of
                  | mind. [potion of mutation]
 21659 | Lair:1   | Gained mutation: You are partially covered in iridescent
                  | scales. (AC +2) [potion of mutation]
 21659 | Lair:1   | Gained mutation: You are mostly covered in iridescent
                  | scales. (AC +4) [potion of mutation]
 21670 | Lair:1   | Lost mutation: You are mostly covered in iridescent scales.
                  | (AC +4) [potion of mutation]
 21670 | Lair:1   | Lost mutation: You possess an exceptional clarity of mind.
                  | [potion of mutation]
 21670 | Lair:1   | Gained mutation: Armour fits poorly on your strangely
                  | shaped body. [potion of mutation]
 21670 | Lair:1   | Gained mutation: You are mostly covered in iridescent
                  | scales. (AC +4) [potion of mutation]
 21670 | Lair:1   | Gained mutation: You have hidden genetic potential. [potion
                  | of mutation]
 21670 | Lair:1   | Gained mutation: You possess an exceptional clarity of
                  | mind. [potion of mutation]
 21677 | Lair:1   | Lost mutation: Armour fits poorly on your strangely shaped
                  | body. [potion of mutation]
 21677 | Lair:1   | Lost mutation: You are mostly covered in iridescent scales.
                  | (AC +4) [potion of mutation]
 21677 | Lair:1   | Lost mutation: You are partially covered in iridescent
                  | scales. (AC +2) [potion of mutation]
 21677 | Lair:1   | Gained mutation: Your muscles are strong. (Str +4, Int/Dex
                  | -1) [potion of mutation]
 21964 | Lair:2   | Reached skill level 5 in Ice Magic
 21968 | Lair:2   | Reached skill level 17 in Stealth
 22193 | Lair:1   | Learned a level 3 spell: Swiftness
 22229 | Lair:2   | Reached ** piety under Dithmenos
 22576 | Lair:1   | Reached XP level 12. HP: 41/55 MP: 24/27
 24430 | Lair:2   | Lost mutation: You possess an exceptional clarity of mind.
                  | [potion of mutation]
 24430 | Lair:2   | Lost mutation: You have hidden genetic potential. [potion
                  | of mutation]
 24430 | Lair:2   | Gained mutation: You occasionally shout uncontrollably at
                  | your foes. [potion of mutation]
 24430 | Lair:2   | Gained mutation: Your mind is acute. (Int +4, Str/Dex -1)
                  | [potion of mutation]
 24430 | Lair:2   | Gained mutation: You are partially covered in iridescent
                  | scales. (AC +2) [potion of mutation]
 24430 | Lair:2   | Gained mutation: You have a pair of small antennae on your
                  | head. [potion of mutation]
 25039 | Lair:2   | Found a hole to the Spider Nest.
 25188 | Lair:2   | Identified the +7 spear of Vuskaod {vorpal, Will++ Int-2}
 25996 | Lair:3   | You fall into a shaft and drop 1 floor!
 26721 | Lair:2   | Reached skill level 18 in Stealth
 27543 | Lair:3   | Found a staircase to the Shoals.
 27599 | Lair:3   | HP: 2/56 [merfolk/+0 trident (27)]
 29200 | Lair:4   | Mangled by a dream sheep

Illustrated notes

Levels and vault maps discovered:
D:1:      dpeg_arrival_erosion, layout_basic, minmay_split_cup_large
D:2:      layout_rooms, hangedman_decor_slide_cut, uniq_terence,
          uniq_crazy_yiuf_cottage, uniq_robin
D:3:      layout_basic, lemuel_coloured_pillars_altar,
          hellmonk_ecumenical_altar_run_dry
D:4:      layout_basic, mainiacjoe_overflow_concentric_impassable,
          nicolae_overflow_two_pavilions
D:5:      layout_rooms, kennysheep_mini_moat, nicolae_tso_besieged_by_evil,
          uniq_ijyb, uniq_blork_the_orc
D:6:      layout_basic, minmay_temple_entry_grid
D:7:      gammafunk_the_bubble [the_bubble_gammafunk_crates],
          layout_loops_corners, lemuel_crystal_altar,
          nicolae_gozag_seed_capital, tgw_kikubaaqudgha, xom_butterflies,
          chequers_serial_rivers_micro_e, minmay_fire_ice_demons, uniq_menkaure,
          uniq_maggie
D:8:      layout_cave_pools, mainiacjoe_overflow_alcove_4,
          mainiacjoe_overflow_alcove_2, mainiacjoe_overflow_brackets,
          serial_rivers, chequers_serial_rivers_small_b,
          chequers_serial_rivers_small_3, chequers_serial_rivers_small_b,
          chequers_serial_rivers_marsh, chequers_serial_rivers_room_b
D:9:      layout_rooms, due_lair_maze_entry_diamond, guppyfry_early_elven_hall,
          uniq_grum, uniq_amaemon
Temple:   hellmonk_temple_beads
Lair:1:   layout_regular_city, grunt_megastairs_2
Lair:2:   layout_hall_layers, spider_nest_entry_webs
Lair:3:   layout_regular_city, elwin_shoals_entry_stream, lemuel_fruit_tree,
          lemuel_fruit_fields
Lair:4:   gammafunk_indiana_jones, layout_long_grid

Skill      XL: |  1  2  3  4  5  6  7  8  9 10 11 12 |
---------------+-------------------------------------+-----
Hexes          | 4 5 6 8 9 10 11 | 11.7
Stealth        | 5 6 7 8 9 11 13 15 17 18 | 18.7
Dodging        | 3 4 5 6 |  6.8
Short Blades   | 2 3 4 5 6 |  6.9
Spellcasting   | 3 4 5 6 8 9 10 12 | 12.4
Ice Magic      | 1 2 3 4 5 6 |  6.3
Fighting       | 1 2 |  2.8
Air Magic      | 1 |  1.7
Poison Magic   | 2 |  2.2
Throwing       | |  0.1
Conjurations   | |  0.3

Action                   |  1- 3 |  4- 6 |  7- 9 | 10-12 || total
-------------------------+-------+-------+-------+-------++-------
Melee: Dagger            |   122 |   127 |   220 |   288 ||   757
       Punch             |     1 |     1 |     2 |     3 ||     7
Throw: Dart              |       |       |     1 |       ||     1
 Cast: Ensorcelled Hiber |     3 |    65 |    64 |   209 ||   341
       Shock             |       |       |    15 |       ||    15
       Confusing Touch   |       |       |    13 |    20 ||    33
       Dazzling Flash    |       |       |     3 |     9 ||    12
       Poisonous Vapours |       |       |     8 |    12 ||    20
       Tukima's Dance    |       |       |     7 |     5 ||    12
Invok: Shadow Step       |       |       |       |     1 ||     1
Evoke: Wand              |       |       |       |     1 ||     1
  Use: Scroll            |     1 |     2 |     2 |    10 ||    15
       Potion            |       |       |       |    17 ||    17
 Stab: Sleeping          |    13 |    55 |    51 |    89 ||   208
       Confused          |       |       |    11 |    17 ||    28
       Invisible         |       |       |     1 |     2 ||     3
       Distracted        |       |       |       |     3 ||     3
Armor: Robe              |    14 |    16 |    12 |    24 ||    66
Dodge: Dodged            |    87 |   100 |   177 |   408 ||   772

Table legend: (Time is in decaauts)
 A = Elapsed time spent in this place.
 B = Non-inter-level travel time spent in this place.
 C = Inter-level travel time spent in this place.
 D = Time resting spent in this place.
 E = Time spent auto-exploring this place.
 F = Levels seen in this place.
 G = Mean time per level.
                   A        B        C        D        E       F      G
               +--------+--------+--------+--------+--------+-----+--------+
         Total |  24801 |  24659 |    142 |  16002 |   4891 |  14 | 1771.5 |
       Dungeon |  16240 |  16142 |     98 |  10091 |   3642 |   9 | 1804.4 |
        Temple |    106 |     65 |     41 |      0 |     49 |   1 |  106.0 |
          Lair |   8454 |   8453 |      1 |   5911 |   1198 |   4 | 2113.5 |
               +--------+--------+--------+--------+--------+-----+--------+

Top non-repeatable levels by time:
  Lair:1: 4025 daAuts
     D:9: 3091 daAuts
     D:1: 2170 daAuts
  Lair:3: 2044 daAuts
     D:2: 2018 daAuts
  Lair:2: 1868 daAuts
     D:5: 1792 daAuts
     D:8: 1686 daAuts
     D:3: 1482 daAuts
     D:4: 1380 daAuts
     D:6: 1364 daAuts
     D:7: 1255 daAuts
  Lair:4: 516 daAuts
  Temple: 106 daAuts
